 Dungeon Crawl Stone Soup version 0.29-a0-284-gf9362112df (webtiles) character file.

Game seed: 12559676612138452829

46164 spaghetti the Necromancer (level 14, -7/72 HPs)
             Began as a Spriggan Summoner on Mar 25, 2022.
             Was the Champion of Jiyva.
             Mangled by an orc knight
             ... wielding a +0 war axe
              (23 damage)
             ... on level 11 of the Dungeon on Mar 26, 2022.
             The game lasted 01:19:27 (17101 turns).

spaghetti the Necromancer (Spriggan Summoner)      Turns: 17101, Time: 01:19:28

Health: -7/72      AC: 16    Str:  4    XL:     14   Next: 3%
Magic:  19/22      EV: 22    Int: 22    God:    Jiyva [******]
Gold:   1017       SH:  0    Dex: 17    Spells: 4/23 levels left

rFire   x . .      SeeInvis +   A - staff of death {!astaff}
rCold   + . .      Faith    +   (shield currently unavailable)
rNeg    + . .      Spirit   .   E - +0 acid dragon scales
rPois   +          Reflect  .   (helmet restricted)
rElec   .          Harm     .   y - +0 cloak {rPois}
rCorr   +          Rampage  .   (gloves unavailable)
Will    ++...                   (boots unavailable)
Stlth   +++.......              X - amulet of faith {!P}
HPRegen 3.42/turn               H - +4 ring of protection
MPRegen 0.68/turn               r - ring of ice

@: death channelling, very quick
A: very small, no large weapons, unfitting armour, see invisible, speed 3,
iridescent scales 2, agile 1, regeneration 2, wild magic 1, acidic bite,
eyeballs 3, gelatinous body 1, translucent skin 2, jelly sensing items,
MP-powered wands
a: Renounce Religion, Oozemancy, Slimify


You were on level 11 of the Dungeon.
You worshipped Jiyva.
Jiyva was exalted by your worship.
You visited 2 branches of the dungeon, and saw 17 of its levels.
You also visited: Sewer and Ice Cave.

You collected 1017 gold pieces.


Innate Abilities, Weirdness & Mutations

You are very small and have problems with some larger weapons.
You are too small for most types of armour.
You have supernaturally acute eyesight. (SInv)
You cover ground extremely quickly. (Speed+++)
You are mostly covered in iridescent scales. (AC +4)
You are agile. (Dex +2)
You heal very quickly.
Your spells are a little harder to cast, but a little more powerful.
You have acidic saliva.
Your body is covered in eyes which may confuse attackers. (Acc +7, SInv)
Your rubbery body absorbs attacks. (AC +1, EV +1)
Your translucent skin reduces your foes' accuracy. (Stealth+)
You have a small jelly attached to you that senses nearby items.
You expend magic power (3 MP) to strengthen your wands.


   Skills:
 + Level 7.9 Fighting
 + Level 12.5 Dodging
 - Level 3.0 Stealth
 - Level 5.0 Spellcasting
 - Level 7.8 Hexes
 - Level 8.2 Summonings
 - Level 16.0 Necromancy


You had 4 spell levels left.
You knew the following spells:

 Your Spells              Type           Power      Damage    Failure   Level
a - Summon Small Mammal   Summ           100%       N/A       1%          1
b - Call Imp              Summ           52%        N/A       2%          2
c - Call Canine Familiar  Summ           52%        N/A       4%          3
d - Summon Guardian Gole  Hex/Summ       52%        N/A       4%          3
e - Death Channel         Necr           49%        N/A       9%          6
f - Dispel Undead         Necr           99%        3d31      1%          4

Your spell library contained the following spells:

 Spells                   Type           Power      Damage    Failure   Level
 Sublimation of Blood     Necr           99%        N/A       1%          2
 Corpse Rot               Necr/Air       100%       N/A       2%          2
 Beastly Appendage        Tmut           14%        N/A       32%         1
 Sting                    Tmut/Pois      28%        1d4       32%         1
 Poisonous Vapours        Pois/Air       14%        N/A       45%         2
 Wereblood                Tmut           7%         N/A       45%         2
 Summon Lightning Spire   Summ/Air       30%        N/A       50%         4
 Spider Form              Tmut/Pois      7%         N/A       67%         3
 Petrify                  Tmut/Erth      7%         N/A       96%         4
 Borgnjor's Revivificati  Necr           49%        N/A       95%         8
 Blade Hands              Tmut           3%         N/A       100%        5
 Irradiate                Conj/Tmut      3%         3d15      100%        5
 Necromutation            Tmut/Necr      34%        N/A       100%        8
 Death's Door             Necr           49%        N/A       100%        9

Inventory:

Hand Weapons
 m - a +0 rapier of venom {short}
   (You found it on level 2 of the Dungeon)
 x - a +0 dagger of venom {short}
   (You took it off an orc priest on level 8 of the Dungeon)
 J - a +2 trident {polearm}
   (You took it off a wight on level 10 of the Dungeon)
 K - a +3 hand axe of freezing {axe}
   (You took it off a wight on level 10 of the Dungeon)
 Q - a +1 demon whip of venom {mace}
   (You took it off Amaemon on level 4 of the Lair of Beasts)
Missiles
 c - 5 datura-tipped darts {throwing}
 e - 281 stones {throwing}
 C - 7 curare-tipped darts {=fthrowing}
 D - 48 poisoned darts {throwing}
 F - 7 boomerangs {throwing}
 G - 3 throwing nets {=f!fthrowing}
Armour
 k - a +1 buckler of reflection
   (You found it on level 8 of the Dungeon)
 y - a +0 cloak of poison resistance (worn)
   (You found it on level 3 of the Dungeon)
 E - +0 acid dragon scales (worn)
   (You found it on level 10 of the Dungeon)
Magical Staves
 a - a staff of cold {!astaff}
   (You found it in an ice cave)
 A - a staff of death (weapon) {!astaff}
   (You found it on level 4 of the Dungeon)
Jewellery
 g - a ring of ice
   (You took it off a tengu conjurer on level 8 of the Dungeon)
 o - a ring of flight
   (You found it on level 2 of the Dungeon)
 r - a ring of ice (right hand)
   (You found it on level 3 of the Dungeon)
 z - an amulet of magic regeneration {@e2}
   (You found it on level 4 of the Dungeon)
 H - a +4 ring of protection (left hand)
   (You found it on level 6 of the Dungeon)
 I - a ring of positive energy
   (You found it on level 7 of the Dungeon)
 X - an amulet of faith (around neck) {!P}
   (You found it on level 5 of the Lair of Beasts)
Wands
 i - a wand of iceblast (1)
   (You found it on level 8 of the Dungeon)
 j - a wand of mindburst (7)
   (You found it on level 2 of the Dungeon)
 N - a wand of polymorph (7)
   (You found it on level 2 of the Lair of Beasts)
 O - a wand of paralysis (10)
   (You found it on level 3 of the Lair of Beasts)
 V - a wand of acid (7)
   (You found it on level 5 of the Lair of Beasts)
 Y - a wand of flame (13)
   (You found it on level 5 of the Lair of Beasts)
Scrolls
 d - a scroll of magic mapping {!r}
 l - 3 scrolls of identify {@r1}
 t - 6 scrolls of teleportation {@r4}
 u - a scroll of holy word
 P - 2 scrolls of vulnerability {!r!r}
 R - a scroll of fog
 S - 2 scrolls of summoning
 T - a scroll of immolation {!r!r}
 Z - 2 scrolls of fear
Potions
 b - a potion of magic
 f - 5 potions of curing {@q1}
 h - 2 potions of resistance
 n - 3 potions of haste {@q3}
 p - a potion of lignification {!q}
 q - 3 potions of flight
 s - 2 potions of heal wounds {@q2}
 v - 3 potions of invisibility
 w - a potion of mutation {!q}
 B - 4 potions of attraction {!q}
 U - a potion of ambrosia

Dungeon Overview and Level Annotations

Branches:
Dungeon (11/15)            Temple (0/1) D:6            Lair (6/6) D:9
 Shoals (0/4) Lair:3        Snake (0/4) Lair:2        Slime (0/5) Lair:5
    Orc (0/2) D:11          Sewer (visited)           IceCv (visited)

Altars:
Fedhas
Gozag
Hepliaklqana
Nemelex Xobeh
Okawaru
Qazlal
Uskayaw
Vehumet
Xom
Yredelemnul
Zin
Beogh
Jiyva

Annotations:
D:10 exclusions: ball python and oklob sapling
Lair:2 Careful!
Lair:5 1 runed translucent door

.................... #...
..........##... #..#
#........##...
#..####........##...
...........?...##...
#######.............##...
#....o#..................
#....o8h9.J.......###+###
#..ooooo@.....###.#
#..ooo8o##....# #.#
#...oo#o##....# #.#
#...o.#o##........#
#>._!8#).........>#
#...o.#.###########
#.....#.# #..⌠o.8.# '..


You could see 2 orc knights, 3 orc warriors, 2 orc priests, 9 orcs, a friendly
azure jelly (summoned), a friendly guardian golem (summoned) and a friendly warg
(summoned, sheltered).


Message History

The orc warrior hits your spectral orc with a +0 scimitar!
Your spectral orc is destroyed!
The orc knight shouts! 😮 HP[-13] MP[-1]
You take 13 damage, and now have 43/72 hp.
You lost 1 mp, and now have 16/22 mp.
Unknown command.
You hit the orc warrior but do no damage.
The orc warrior writhes in agony!
The orc knight seems less confused.
An orc warrior comes into view. It is wielding a +0 battleaxe.
The orc warrior misses you.
The orc priest calls upon Beogh to heal the orc warrior.
The orc warrior is healed somewhat. 😮 HP[+4] MP[+1]
You regained 4 hp, and now have 47/72 hp.
You closely miss the orc warrior. The orc warrior completely misses you.
The orc sings a few bars from the Orcish anthem.
Your warg bites the orc warrior. 😮 HP[+5] MP[+1]
You regained 5 hp, and now have 52/72 hp.
You catch the helpless orc warrior completely off-guard!
You hit the orc warrior but do no damage.
The orc warrior writhes in agony.
You bite the orc warrior, but do no damage.
The orc warrior no longer looks unusually strong.
The orc no longer looks unusually strong. x2
Your warg bites the orc warrior!
The orc warrior dies!
A glowing mist starts to gather...
The orc knight hits your spectral orc warrior with a +0 war axe!!
The orc knight hits your guardian golem with a +0 war axe.
The orc knight hits your warg with a +0 war axe!
Your warg misses the orc knight.
The orc knight hits your spectral orc warrior with a +0 war axe!!
Your spectral orc warrior is destroyed!
The orc knight hits your warg with a +0 war axe!
The orc knight hits your guardian golem with a +0 war axe!
Your guardian golem is destroyed!
Your guardian golem disappears in a puff of smoke!
The orc warrior hits your spectral orc with a +0 short sword!
The orc warrior shouts! 😕 HP[+4] MP[+1]
You regained 4 hp, and now have 56/72 hp.
Casting: Call Imp (safe; 2% risk of failure)
Confirm with . or Enter, or press ? or * to list all spells.
A guardian golem appears, shielding your allies.
The orc no longer looks unusually strong. x2
The orc priest no longer looks unusually strong.
Your warg bites the orc knight.
Your spectral orc misses the orc warrior.
The orc warrior throws a boomerang of dispersal.
The boomerang of dispersal hits your spectral orc!
Your spectral orc blinks!
Your spectral orc is destroyed!
The orc priest mumbles some strange prayers to Beogh against the orc warrior.
Beogh smites you! 😮 HP[-11] MP[-3]
You take 11 damage, and now have 45/72 hp.
You lost 3 mp, and now have 16/22 mp.
Unknown command.
You hit the orc knight but do no damage.
The orc no longer looks unusually strong.
Your warg barely misses the orc knight.
Your crimson imp blinks!
The orc warrior throws a boomerang of dispersal.
The boomerang of dispersal closely misses you.
The orc knight roars a battlecry!
The orcs go into a battle-frenzy! 😮 HP[+4] MP[+1]
You regained 4 hp, and now have 49/72 hp.
You hit the orc knight but do no damage.
The orc knight writhes in agony!
Your warg completely misses the orc knight.
Your crimson imp barely misses the orc knight.
The orc knight completely misses you.
The orc knight hits your crimson imp with a +0 war axe!!
The orc knight hits your warg with a +0 war axe!
Your warg bites the orc knight.
Your crimson imp hits the orc knight but does no damage. 😮 HP[+4] MP[+1]
You regained 4 hp, and now have 53/72 hp.
You closely miss the orc knight. Your bite misses the orc knight.
Your warg bites the orc knight!
The orc knight hits you with a +0 war axe!
The orc knight hits your warg with a +0 war axe!
The orc knight hits your crimson imp with a +0 war axe!
Your crimson imp dies!
Your crimson imp disappears in a puff of smoke! 😮 HP[-8] MP[+1]
You take 8 damage, and now have 45/72 hp.
You barely miss the orc knight.
The orc knight no longer looks unusually strong.
Your warg bites the orc knight but does no damage.
The orc warrior hits you with a +0 scimitar!!
* * * LOW HITPOINT WARNING * * *
You shudder from the blow and a jelly pops out!
The orc knight hits you from afar with a +0 bardiche!
* * * LOW HITPOINT WARNING * * *
The orc knight hits you with a +0 war axe!!
You die...

Skill      XL: |  1  2  3  4  5  6  7  8  9 10 11 12 13 |
---------------+----------------------------------------+-----
Summonings     | 4 5 6 7 8 |  8.2
Hexes          | 2 4 5 7 |  7.8
Necromancy     | 1 5 8 11 14 15 16 | 16.0
Spellcasting   | 5 |  5.0
Dodging        | 7 12 | 12.5
Fighting       | 4 7 |  7.9
Stealth        | |  3.0

Action                   |  1- 3 |  4- 6 |  7- 9 | 10-12 | 13-15 || total
-------------------------+-------+-------+-------+-------+-------++-------
Melee: Unarmed           |    68 |       |       |       |       ||    68
       Rapier            |    14 |    28 |    25 |    19 |       ||    86
       Hand axe          |     3 |       |       |       |       ||     3
       Punch             |     1 |     1 |       |     1 |       ||     3
       Quarterstaff      |       |    20 |    28 |       |       ||    48
       Kick              |       |     7 |    16 |    16 |       ||    39
       Staff             |       |       |       |   144 |   380 ||   524
       Bite              |       |       |       |    17 |    55 ||    72
 Cast: Summon Small Mamm |    42 |    10 |    59 |    79 |    43 ||   233
       Call Imp          |    13 |    12 |    19 |    50 |    39 ||   133
       Call Canine Famil |     4 |    12 |    22 |    62 |    41 ||   141
       Summon Guardian G |       |     3 |    27 |    29 |    21 ||    80
       Death Channel     |       |       |       |    27 |    19 ||    46
       Dispel Undead     |       |       |       |       |     8 ||     8
Invok: Slimify           |       |       |       |     1 |       ||     1
Evoke: Wand              |       |     2 |     1 |       |       ||     3
  Use: Scroll            |     5 |     4 |     5 |     6 |     4 ||    24
       Potion            |       |       |       |     2 |     3 ||     5
 Stab: Distracted        |     1 |       |       |     2 |    13 ||    16
       Sleeping          |     2 |     4 |       |     2 |     1 ||     9
       Petrified         |       |       |       |       |     2 ||     2
       Confused          |       |       |       |       |     1 ||     1
Armor: Robe              |    16 |     7 |    11 |       |       ||    34
       Steam dragon scal |       |       |     3 |    41 |    92 ||   136
       Acid dragon scale |       |       |       |       |    18 ||    18
Dodge: Dodged            |   109 |    43 |    80 |   272 |   807 ||  1311

Levels and vault maps discovered:
D:1:      dpeg_arrival_pits, layout_basic, ebering_ecumenical_altar_mist,
          minmay_crystal_water
D:2:      layout_loops_corners, fountainhead, minmay_tetromino_l2
D:3:      layout_loops_ring, uniq_crazy_yiuf_cottage, uniq_natasha
D:4:      layout_loops_ring, cheibrodos_sewer_entry_drain, st_stairs_3,
          minmay_statues_item, uniq_ijyb, uniq_duvessa
D:5:      layout_basic, minivault_24, minmay_ogre_servants, uniq_grinder
D:6:      layout_cave_pools, minmay_temple_entry_trees
D:7:      layout_gridville, uniq_menkaure, uniq_maggie
D:8:      nzn_winding_woodlands_three_and_one
          [nzn_winding_woodlands_5x15_garden, nzn_winding_woodlands_5x15_parted,
          nzn_winding_woodlands_5x15_river_crossing,
          nzn_winding_woodlands_center_diamonds], layout_loops_ring,
          nicolae_overflow_hallway_of_the_gods, minmay_the_grid_2x2
          [minmay_the_grid_garden, minmay_the_grid_tiny_cups,
          minmay_the_grid_small_cups, minmay_the_grid_prize_four_corners]
D:9:      layout_irregular_city, lair_entry_dummy, serial_ice, serial_ice_j,
          serial_ice_d, serial_ice_c, serial_ice_a
D:10:     layout_irregular_city, grunt_temple_overflow_opulence,
          introduction_to_nature_2
D:11:     layout_stronghold, david_orc_5, serial_undead, serial_undead_b,
          serial_undead_b, serial_undead_f, serial_undead_d,
          minmay_fractal_squares_gapless_5
Lair:1:   layout_regular_city, grunt_megastairs_4
Lair:2:   layout_roguey, dummy_snake_entry
Lair:3:   layout_gridlike, elwin_shoals_entry_stream, worms_lemuel
Lair:4:   layout_layer_cave, grunt_megastairs_1, uniq_amaemon
Lair:5:   layout_long_grid, slime_altar_2, lemuel_fruit_fields
Lair:6:   grunt_lair_end_beastmaster, layout_layer_cave,
          portal_ice_cave_entry_pillars_1, hellmonk_ghost_happy_afterlife,
          grunt_forest_large_clearings

Notes
Turn   | Place    | Note
-------+----------+-------------------------------------------
     0 | D:1      | spaghetti the Spriggan Summoner began the quest for the
                  | Orb.
     0 | D:1      | Reached XP level 1. HP: 9/9 MP: 5/5
     0 | D:1      | magus.rc [v1.9.6]
    84 | D:1      | HP: 2/9 [frozen (3)]
   572 | D:1      | Reached XP level 2. HP: 13/13 MP: 2/6
   575 | D:1      | Learned a level 2 spell: Call Imp
   760 | D:1      | Found a faded altar of an unknown god.
   786 | D:1      | Prayed at the altar of an unknown god.
   786 | D:1      | Became a worshipper of Jiyva Jajevvui the Shapeless
   786 | D:1      | Reached * piety under Jiyva
   879 | D:1      | Reached skill level 4 in Summonings
  1026 | D:1      | Reached XP level 3. HP: 16/16 MP: 2/8
  1030 | D:1      | Learned a level 3 spell: Call Canine Familiar
  1497 | D:2      | Reached ** piety under Jiyva
  1778 | D:2      | Reached XP level 4. HP: 21/21 MP: 4/9
  1808 | D:2      | You pick up a book of Decay and begin reading...
  1808 | D:2      | You add the spells Corpse Rot, Dispel Undead and Death
                  | Channel to your library.
  2053 | D:2      | You fall into a shaft and drop 1 floor!
  2053 | D:3      | Noticed a phantom
  2095 | D:3      | Killed a phantom
  2096 | D:3      | Reached skill level 2 in Hexes
  2096 | D:3      | Reached XP level 5. HP: 24/24 MP: 8/10
  2167 | D:3      | Reached *** piety under Jiyva
  2205 | D:3      | Reached skill level 3 in Hexes
  2205 | D:3      | Reached skill level 5 in Summonings
  2216 | D:3      | Gained mutation: Your spells are a little harder to cast,
                  | but a little more powerful. [Jiyva's grace]
  2216 | D:3      | Gained mutation: Your spells are harder to cast, but more
                  | powerful. [Jiyva's grace]
  2216 | D:3      | Gained mutation: Your spells are much harder to cast, but
                  | much more powerful. [Jiyva's grace]
  2216 | D:3      | Gained mutation: You have large cloven feet. [Jiyva's
                  | grace]
  2497 | D:3      | Noticed Natasha
  2502 | D:3      | Killed Natasha
  2644 | D:3      | Found a runed translucent door.
  2645 | D:3      | Noticed Crazy Yiuf
  2693 | D:3      | Learned a level 3 spell: Summon Guardian Golem
  2706 | D:3      | Killed Crazy Yiuf
  2769 | D:3      | Noticed Natasha
  2778 | D:3      | Killed Natasha
  2779 | D:3      | Reached skill level 4 in Hexes
  2890 | D:4      | Noticed a nameless horror
  2894 | D:3      | Killed a nameless horror
  2912 | D:4      | Reached XP level 6. HP: 16/28 MP: 11/11
  3013 | D:4      | Reached skill level 5 in Hexes
  3031 | D:4      | Noticed Duvessa
  3033 | D:4      | Noticed Dowan
  3038 | D:4      | Reached **** piety under Jiyva
  3051 | D:4      | Killed Duvessa
  3091 | D:4      | Killed Dowan
  3092 | D:4      | Reached XP level 7. HP: 32/32 MP: 12/12
  3117 | D:4      | Killed Ijyb
  3198 | D:4      | Found a glowing drain.
  3207 | Sewer    | Entered a sewer
  3215 | Sewer    | Reached skill level 6 in Hexes
  3310 | Sewer    | Found a white marble altar of Elyvilon.
  3877 | D:5      | Entered Level 5 of the Dungeon
  3909 | D:5      | Reached skill level 7 in Hexes
  3909 | D:5      | Reached skill level 6 in Summonings
  3986 | D:5      | Reached ***** piety under Jiyva
  4151 | D:5      | Noticed Grinder
  4164 | D:5      | Killed Grinder
  4165 | D:5      | Reached skill level 1 in Necromancy
  4165 | D:5      | Reached XP level 8. HP: 36/36 MP: 13/13
  4425 | D:5      | Reached skill level 2 in Necromancy
  4509 | D:5      | Reached skill level 3 in Necromancy
  4800 | D:6      | Reached skill level 4 in Necromancy
  4860 | D:6      | Reached skill level 7 in Summonings
  4893 | D:6      | Reached skill level 5 in Necromancy
  4916 | D:6      | Gained mutation: You are agile. (Dex +2) [Jiyva's grace]
  4916 | D:6      | Gained mutation: You are very agile. (Dex +4) [Jiyva's
                  | grace]
  4916 | D:6      | Gained mutation: You expend magic power (3 MP) to
                  | strengthen your wands. [Jiyva's grace]
  4916 | D:6      | Gained mutation: You are covered in slimy tendrils that may
                  | disarm your opponents. [Jiyva's grace]
  4980 | D:6      | Found a staircase to the Ecumenical Temple.
  5412 | D:7      | Reached XP level 9. HP: 39/39 MP: 12/14
  5475 | D:7      | Reached skill level 6 in Necromancy
  5626 | D:7      | Reached ****** piety under Jiyva
  5819 | D:7      | Noticed Maggie
  5837 | D:7      | Killed Maggie
  5838 | D:7      | Reached skill level 7 in Necromancy
  6138 | D:7      | Noticed Menkaure
  6141 | D:7      | Killed Menkaure
  6142 | D:7      | Reached skill level 8 in Summonings
  6330 | D:8      | Reached skill level 8 in Necromancy
  6517 | D:8      | Found a radiant altar of Vehumet.
  6519 | D:8      | Found a blossoming altar of Fedhas.
  6520 | D:8      | Found a stormy altar of Qazlal.
  6527 | D:8      | Found a glowing silver altar of Zin.
  6532 | D:8      | Found an iron altar of Okawaru.
  6533 | D:8      | Found a hazy altar of Hepliaklqana.
  6535 | D:8      | Found a basalt altar of Yredelemnul.
  6539 | D:8      | Found a shimmering altar of Xom.
  6540 | D:8      | Found a hide-covered altar of Uskayaw.
  6639 | D:8      | Noticed a komodo dragon
  6639 | D:8      | Noticed a two-headed ogre
  6639 | D:8      | Noticed a tengu warrior
  6651 | D:8      | Killed a tengu warrior
  6652 | D:8      | Reached XP level 10. HP: 44/44 MP: 10/15
  6696 | D:8      | Reached skill level 9 in Necromancy
  6879 | D:9      | Lost mutation: Your spells are much harder to cast, but
                  | much more powerful. [Jiyva's grace]
  6879 | D:9      | Gained mutation: Your movements are slightly less
                  | encumbered by armour. (ER -2) [Jiyva's grace]
  6879 | D:9      | Gained mutation: Your movements are less encumbered by
                  | armour. (ER -4) [Jiyva's grace]
  6879 | D:9      | Gained mutation: Your movements are significantly less
                  | encumbered by armour. (ER -6) [Jiyva's grace]
  6879 | D:9      | Gained mutation: Your rubbery body absorbs attacks. (AC +1,
                  | EV +1) [Jiyva's grace]
  6957 | D:9      | Reached skill level 3 in Spellcasting
  6983 | D:9      | Reached skill level 4 in Spellcasting
  6987 | D:9      | Reached skill level 5 in Spellcasting
  7000 | D:9      | Reached skill level 10 in Necromancy
  7174 | D:9      | Learned a level 6 spell: Death Channel
  7353 | D:9      | Noticed a soul eater
  7365 | D:9      | Noticed a soul eater
  7368 | D:9      | Noticed a sixfirhy
  7369 | D:9      | HP: 4/43 [red devil/+0 trident of protection[a kobold
                  | demonologist] (11)]
  7371 | D:9      | Reached skill level 11 in Necromancy
  7517 | D:9      | Reached XP level 11. HP: 47/47 MP: 19/19
  7525 | D:9      | Found a staircase to the Lair.
  7540 | D:9      | Learned a level 4 spell: Dispel Undead
  7909 | Lair:1   | Entered Level 1 of the Lair of Beasts
  8277 | Lair:1   | Reached skill level 12 in Necromancy
  8492 | Lair:1   | Lost mutation: You have large cloven feet. [Jiyva's grace]
  8492 | Lair:1   | Lost mutation: You are very agile. (Dex +4) [Jiyva's grace]
  8492 | Lair:1   | Lost mutation: Your spells are harder to cast, but more
                  | powerful. [Jiyva's grace]
  8492 | Lair:1   | Lost mutation: You are covered in slimy tendrils that may
                  | disarm your opponents. [Jiyva's grace]
  8492 | Lair:1   | Gained mutation: Your translucent skin slightly reduces
                  | your foes' accuracy. (Stealth+) [Jiyva's grace]
  8492 | Lair:1   | Gained mutation: Your translucent skin reduces your foes'
                  | accuracy. (Stealth+) [Jiyva's grace]
  8492 | Lair:1   | Gained mutation: Your transparent skin significantly
                  | reduces your foes' accuracy. (Stealth+) [Jiyva's grace]
  8492 | Lair:1   | Gained mutation: Your spells are harder to cast, but more
                  | powerful. [Jiyva's grace]
  8769 | Lair:2   | You pick up a book of Changes and begin reading...
  8769 | Lair:2   | You add the spells Beastly Appendage, Wereblood and Spider
                  | Form to your library.
  8930 | Lair:2   | Found a staircase to the Snake Pit.
  9189 | Lair:2   | HP: 4/47 [themself (41)]
  9190 | Lair:2   | Reached skill level 13 in Necromancy
  9198 | Lair:2   | Was placed under penance by Jiyva
  9937 | Lair:3   | Noticed an eight-headed hydra
 10134 | Lair:2   | magus.rc [v1.9.6]
 10162 | Lair:3   | Was forgiven by Jiyva
 10169 | Lair:3   | HP: 7/47 [cane toad (18)]
 10174 | Lair:3   | Reached skill level 14 in Necromancy
 10276 | Lair:3   | Killed an eight-headed hydra
 10277 | Lair:3   | Reached XP level 12. HP: 24/51 MP: 15/20
 10299 | Lair:3   | Found a staircase to the Shoals.
 10649 | Lair:3   | Reached skill level 15 in Necromancy
 11004 | Lair:4   | Reached skill level 3 in Dodging
 11054 | Lair:4   | Reached skill level 1 in Fighting
 11129 | Lair:4   | Noticed Amaemon
 11187 | Lair:4   | Reached skill level 4 in Dodging
 11203 | Lair:4   | Killed Amaemon
 11204 | Lair:4   | Reached skill level 2 in Fighting
 11261 | Lair:4   | Lost mutation: Your spells are harder to cast, but more
                  | powerful. [Jiyva's grace]
 11261 | Lair:4   | Gained mutation: Your natural rate of healing is unusually
                  | fast. [Jiyva's grace]
 11261 | Lair:4   | Gained mutation: You heal very quickly. [Jiyva's grace]
 11261 | Lair:4   | Gained mutation: You regenerate. [Jiyva's grace]
 11261 | Lair:4   | Gained mutation: You have acidic saliva. [Jiyva's grace]
 11486 | Lair:4   | Reached skill level 5 in Dodging
 11507 | Lair:4   | Reached skill level 3 in Fighting
 11563 | Lair:4   | Reached skill level 6 in Dodging
 11826 | Lair:4   | Noticed a catoblepas
 12372 | Lair:4   | Killed a catoblepas
 12626 | Lair:5   | Reached skill level 7 in Dodging
 12786 | Lair:5   | Reached skill level 4 in Fighting
 12889 | Lair:5   | Noticed a five-headed hydra
 12900 | Lair:5   | Killed a five-headed hydra
 12901 | Lair:5   | Reached XP level 13. HP: 52/63 MP: 19/21
 13073 | Lair:5   | Found a runed translucent door.
 13075 | Lair:5   | Found a viscous altar of Jiyva.
 13075 | Lair:5   | Noticed an azure jelly
 13156 | Lair:5   | Reached skill level 8 in Dodging
 13225 | Lair:5   | Noticed an azure jelly
 13227 | Lair:5   | Found a staircase to the Slime Pits.
 13227 | Lair:5   | Noticed an azure jelly
 13337 | Lair:5   | Lost mutation: Your rubbery body absorbs attacks. (AC +1,
                  | EV +1) [Jiyva's grace]
 13337 | Lair:5   | Lost mutation: Your movements are significantly less
                  | encumbered by armour. (ER -6) [Jiyva's grace]
 13337 | Lair:5   | Lost mutation: Your movements are less encumbered by
                  | armour. (ER -4) [Jiyva's grace]
 13337 | Lair:5   | Gained mutation: You have a small jelly attached to you
                  | that senses nearby items. [Jiyva's grace]
 13337 | Lair:5   | Gained mutation: You are partially covered in iridescent
                  | scales. (AC +2) [Jiyva's grace]
 13337 | Lair:5   | Gained mutation: You are mostly covered in iridescent
                  | scales. (AC +4) [Jiyva's grace]
 13337 | Lair:5   | Gained mutation: You are completely covered in iridescent
                  | scales. (AC +6) [Jiyva's grace]
 13543 | Lair:6   | Entered Level 6 of the Lair of Beasts
 13645 | Lair:6   | Reached skill level 16 in Necromancy
 13647 | Lair:6   | Reached skill level 5 in Fighting
 13703 | Lair:6   | Reached skill level 9 in Dodging
 13888 | Lair:6   | Found a frozen archway.
 13900 | IceCv    | Entered an ice cave
 14287 | IceCv    | You add the spells Borgnjor's Revivification, Necromutation
                  | and Death's Door to your library.
 14327 | IceCv    | Reached skill level 6 in Fighting
 14327 | IceCv    | Reached skill level 10 in Dodging
 14361 | IceCv    | Noticed a reaper
 14378 | IceCv    | HP: 6/65 [reaper/+1 scythe of freezing (31)]
 14383 | IceCv    | Killed a reaper
 14708 | D:8      | Reached skill level 11 in Dodging
 14922 | D:8      | Reached skill level 7 in Fighting
 15402 | D:8      | Lost mutation: You regenerate. [Jiyva's grace]
 15402 | D:8      | Lost mutation: You heal very quickly. [Jiyva's grace]
 15402 | D:8      | Lost mutation: Your natural rate of healing is unusually
                  | fast. [Jiyva's grace]
 15402 | D:8      | Lost mutation: Your transparent skin significantly reduces
                  | your foes' accuracy. (Stealth+) [Jiyva's grace]
 15402 | D:8      | Lost mutation: You expend magic power (3 MP) to strengthen
                  | your wands. [Jiyva's grace]
 15402 | D:8      | Gained mutation: Your natural rate of healing is unusually
                  | fast. [Jiyva's grace]
 15402 | D:8      | Gained mutation: You heal very quickly. [Jiyva's grace]
 15402 | D:8      | Gained mutation: You regenerate. [Jiyva's grace]
 15402 | D:8      | Gained mutation: You expend magic power (3 MP) to
                  | strengthen your wands. [Jiyva's grace]
 15714 | D:10     | Entered Level 10 of the Dungeon
 15909 | D:10     | Reached skill level 12 in Dodging
 15953 | D:10     | Found a sparkling altar of Nemelex Xobeh.
 15953 | D:10     | Found an opulent altar of Gozag.
 16442 | D:10     | You add the spells Sting, Poisonous Vapours and Blade Hands
                  | to your library.
 16442 | D:10     | Got the Collected Works on Unstable Poisoning
 16655 | D:6      | magus.rc [v1.9.6]
 16902 | D:11     | Reached XP level 14. HP: 72/72 MP: 22/22
 16924 | D:11     | You pick up a book of Alchemy and begin reading...
 16924 | D:11     | You add the spells Sublimation of Blood, Petrify and
                  | Irradiate to your library.
 17063 | D:11     | Lost mutation: You are completely covered in iridescent
                  | scales. (AC +6) [Jiyva's grace]
 17063 | D:11     | Lost mutation: You regenerate. [Jiyva's grace]
 17063 | D:11     | Lost mutation: Your movements are slightly less encumbered
                  | by armour. (ER -2) [Jiyva's grace]
 17063 | D:11     | Gained mutation: Your body has grown eyes which may confuse
                  | attackers. (Acc +3) [Jiyva's grace]
 17063 | D:11     | Gained mutation: Your body has grown many eyes which may
                  | confuse attackers. (Acc +5) [Jiyva's grace]
 17063 | D:11     | Gained mutation: Your body is covered in eyes which may
                  | confuse attackers. (Acc +7, SInv) [Jiyva's grace]
 17063 | D:11     | Gained mutation: Your rubbery body absorbs attacks. (AC +1,
                  | EV +1) [Jiyva's grace]
 17075 | D:11     | Found a staircase to the Orcish Mines.
 17101 | D:11     | HP: 16/72 [orc knight/+0 bardiche (16)]
 17101 | D:11     | Mangled by an orc knight

Vanquished Creatures
  A hydra (D:8)
  A boulder beetle (D:11)
  A cyclops (D:11)
  A centaur zombie (D:11)
  3 black mambas
  A cane toad (Lair:3)
  A yaktaur (D:11)
  2 komodo dragons (Lair:4)
  A hornet (D:7)
  A wraith (D:10)
  8 yaks
  A steam dragon (D:8)
  A swamp worm (Lair:3)
  4 water moccasins
  2 orc warriors
  2 sky beasts (D:6)
  2 wolves (Lair:6)
  2 bullfrogs
  2 necrophages
  A scorpion (D:4)
  4 wights (D:10)
  A killer bee (D:7)
  An electric eel (D:8)
  A hound (D:5)
  An orc priest (D:8)
  A gnoll shaman (D:8)
  2 spriggan simulacra (IceCv)
  A wolf simulacrum (IceCv)
  A river rat (Sewer)
  2 adders (D:10)
  A white imp (D:7)
  2 ufetubi (IceCv)
  2 worms
  A dart slug (D:2)
  9 orcs
  5 ball pythons
  2 bats (D:3)
  An endoplasm (D:1)
  2 giant cockroaches
  2 hobgoblins (D:2)
  A quokka (D:4)
  A frilled lizard (D:3)
  4 kobolds
  3 rats
89 creatures vanquished.

Vanquished Creatures (collateral kills)
  A reaper (IceCv)
  A hydra (Lair:3)
  A boulder beetle (D:8)
  An anaconda (Lair:6)
  2 catoblepae
  An alligator (Lair:6)
  2 two-headed ogres
  Amaemon (Lair:4)
  A cyclops (D:8)
  3 black mambas
  3 merfolk sirens (Lair:3)
  8 elephants
  A centaur zombie (D:11)
  2 torpor snails
  9 cane toads
  An orange demon (Lair:4)
  3 rime drakes
  3 kobold demonologists (D:9)
  Maggie (D:7)
  5 komodo dragons
  A tengu conjurer (D:8)
  An ice devil (IceCv)
  An efreet (D:8)
  A merfolk (Lair:3)
  3 polar bears
  3 blink frogs (Lair:2)
  A hornet (D:8)
  A shadow (D:11)
  A wyvern (Lair:4)
  A vampire (D:11)
  3 wraiths
  23 yaks
  3 steam dragons
  Menkaure (D:7)
  An acid dragon (D:10)
  Duvessa (D:4)
  8 water moccasins
  4 orc warriors
  2 ice beasts
  A sky beast (D:8)
  An ogre (D:6)
  A black bear (D:7)
  25 wolves
  7 centaurs
  A phantom (D:3)
  10 kobold brigands
  5 bullfrogs
  2 two-headed ogre simulacra (IceCv)
  2 scorpions (D:6)
  10 wights
  4 killer bees
  3 howler monkeys (D:8)
  4 hounds
  A gnoll shaman (D:5)
  7 orc priests
  Natasha (twice) (D:3)
  3 iguanas
  6 orc wizards
  A polar bear simulacrum (IceCv)
  3 troll simulacra (IceCv)
  3 spriggan simulacra (IceCv)
  A centaur simulacrum (D:9)
  11 gnolls
  3 adders (D:2)
  2 naga simulacra (IceCv)
  A shadow imp (D:6)
  4 white imps
  4 ufetubi (IceCv)
  3 worms
  3 dart slugs (D:1)
  28 orcs
  An endoplasm (D:1)
  4 giant cockroaches (D:1)
  6 goblins
  6 hobgoblins
  4 jackals
  2 quokkas (D:3)
  6 ball pythons
  5 bats
  A frilled lizard (D:1)
  19 kobolds
  7 rats
333 creatures vanquished.

Vanquished Creatures (others)
  2 hydras
  A tengu warrior (D:8)
  A cyclops (D:8)
  An elephant (Lair:5)
  2 slime creatures
  A rime drake (Lair:3)
  An anaconda simulacrum (IceCv)
  An ice devil (IceCv)
  Grinder (D:5)
  4 blink frogs (Lair:2)
  9 yaks
  A dire elephant simulacrum (IceCv)
  A wyvern (Lair:5)
  A death yak simulacrum (IceCv)
  A harpy simulacrum (IceCv)
  A sky beast (D:5)
  5 wolves (Lair:6)
  An ogre (D:5)
  2 centaurs (D:8)
  A kobold brigand (D:9)
  A nameless horror (D:3)
  3 bullfrogs
  A scorpion (D:10)
  A cane toad simulacrum (IceCv)
  A gnoll sergeant (D:5)
  A necrophage (D:4)
  A two-headed ogre simulacrum (IceCv)
  Dowan (D:4)
  4 killer bees
  36 jellies
  Crazy Yiuf (D:3)
  An orc priest (D:5)
  Ijyb (D:4)
  2 orc wizards (D:8)
  3 spriggan simulacra (IceCv)
  A centaur simulacrum (D:9)
  4 gnolls
  2 adders (D:10)
  5 white imps
  An ufetubus (IceCv)
  A worm (D:4)
  A dart slug (D:4)
  6 orcs
  5 ball pythons
  2 bats
  5 goblins
  5 jackals
  2 kobolds
  A quokka (D:4)
  2 butterflies (Lair:5)
  53 fungi
  101 plants
  2 withered plants (D:11)
295 creatures vanquished.

Grand Total: 717 creatures vanquished

Table legend:
 A = Non-vault XP
 B = Vault XP
 C = Vault XP percentage of total XP
 D = Non-vault monster count
 E = Vault monster count
 F = Vault count percentage of total count
                 A         B        C        D         E       F
            +---------+---------+-------+---------+---------+-------
      Total |   43381 |   22568 |  34.2 |     321 |     154 |  32.4
            +---------+---------+-------+---------+---------+-------
        D:1 |      53 |       0 |   0.0 |      28 |       0 |   0.0
        D:2 |      63 |       7 |  10.0 |      14 |       2 |  12.5
        D:3 |     174 |      79 |  31.2 |      17 |       2 |  10.5
        D:4 |     163 |     224 |  57.9 |       8 |       3 |  27.3
        D:5 |     757 |     196 |  20.6 |      32 |       5 |  13.5
        D:6 |     694 |       0 |   0.0 |      11 |       0 |   0.0
        D:7 |    1502 |     544 |  26.6 |      25 |       2 |   7.4
        D:8 |    1543 |    8544 |  84.7 |      33 |      28 |  45.9
        D:9 |    4308 |     302 |   6.6 |      34 |       5 |  12.8
       D:10 |    2772 |      60 |   2.1 |      21 |       7 |  25.0
       D:11 |    2386 |    1394 |  36.9 |       6 |      11 |  64.7
     Lair:1 |    1664 |     722 |  30.3 |       6 |       2 |  25.0
     Lair:2 |    3743 |       0 |   0.0 |      16 |       0 |   0.0
     Lair:3 |    6336 |    1818 |  22.3 |      19 |       5 |  20.8
     Lair:4 |    7599 |    1488 |  16.4 |      23 |       3 |  11.5
     Lair:5 |    5983 |       0 |   0.0 |      19 |       0 |   0.0
     Lair:6 |    3641 |    4037 |  52.6 |       9 |      32 |  78.0
      Sewer |       0 |     215 | 100.0 |       0 |      13 | 100.0
      IceCv |       0 |    2938 | 100.0 |       0 |      34 | 100.0
            +---------+---------+-------+---------+---------+-------

Illustrated notes

Table legend:
 A = Kills in this place as a percentage of kills in entire the game.
 B = Kills by you in this place as a percentage of kills by you in the entire game.
 C = Kills by friends in this place as a percentage of kills by friends in the entire game.
 D = Other kills in this place as a percentage of other kills in the entire game.
 E = Experience gained in this place as a percentage of experience gained in the entire game.
 F = Experience gained in this place divided by the number of levels of this place that you have seen.
                   A       B       C       D       E      F
               +-------+-------+-------+-------+-------+----------------------
         Total | 100.0 | 100.0 | 100.0 | 100.0 | 100.0 | 3471.0
       Dungeon |  61.9 |  71.6 |  62.8 |  40.7 |  39.1 | 2342.3
          Lair |  28.2 |  18.2 |  29.1 |  38.9 |  56.2 | 6171.8
         Sewer |   2.7 |   4.5 |   2.7 |   0.0 |   0.3 | 215.0
      Ice Cave |   7.2 |   5.7 |   5.4 |  20.4 |   4.5 | 2938.0
               +-------+-------+-------+-------+-------+----------------------

Table legend: (Time is in decaauts)
 A = Elapsed time spent in this place.
 B = Non-inter-level travel time spent in this place.
 C = Inter-level travel time spent in this place.
 D = Time resting spent in this place.
 E = Time spent auto-exploring this place.
 F = Levels seen in this place.
 G = Mean time per level.
                   A        B        C        D        E       F      G
               +--------+--------+--------+--------+--------+-----+--------+
         Total |  13682 |  13010 |    672 |   1374 |   7378 |  19 |  720.1 |
       Dungeon |   7830 |   7451 |    379 |    545 |   4268 |  11 |  711.8 |
          Lair |   5242 |   4949 |    293 |    721 |   2975 |   6 |  873.7 |
         Sewer |    133 |    133 |      0 |      0 |     80 |   1 |  133.0 |
      Ice Cave |    476 |    476 |      0 |    107 |     53 |   1 |  476.0 |
               +--------+--------+--------+--------+--------+-----+--------+

Top non-repeatable levels by time:
  Lair:4: 1379 daAuts
     D:8: 1282 daAuts
  Lair:3: 1167 daAuts
     D:1: 1140 daAuts
  Lair:2: 955 daAuts
     D:7: 905 daAuts
     D:9: 774 daAuts
  Lair:5: 772 daAuts
    D:10: 753 daAuts
     D:5: 685 daAuts
  Lair:1: 589 daAuts
     D:3: 588 daAuts
     D:4: 558 daAuts
   IceCv: 476 daAuts
     D:2: 435 daAuts
